cohdb
Replays
Latest Replays
All Replays
Popular Replays
Top Player Replays
Match Explorer
How It Works
Community
CoH3 Stats
Reddit
Sign in to upload your games and track your stats! →
Sign in with Steam
Match 23809094
Unlisted
Match 23809094
Overview
Messages
Build Orders
End
Construct Barracks
Riflemen Squad
Riflemen Squad
Construct Weapon Support Center
Bazooka Squad
Riflemen Squad
Infantry Support Center
Selects Advanced Infantry Battlegroup
Selects Convert to Ranger Squad
M1918 Browning Automatic Rifles
M3 Armored Personnel Carrier
Munitions Surplus
Advanced Logistics
Selects Designate Assault Position
Convert to Ranger Squad
Survival Training
M3 Armored Personnel Carrier
Convert to Ranger Squad
Selects Ranger Weapon Training
Engineer Squad
Convert to Ranger Squad
Selects Ammunition Storage
Selects M2A1 105mm Howitzer Emplacement
Construct Medical Station
Selects 155mm Rapid Artillery Barrage
有摆子
Seiun Sky
Kenergy (OCdt)
银魂
冥雨
Glorb
快乐树骑士团
Holyluya
0
0
Comments
sign in to comment!
No comments posted yet!